 Dungeon Crawl Stone Soup version 0.29.1-2-gbd0b4ee654 (webtiles) character file.

Game seed: 5879399072172851322

2615 tkbsonic5 the Magician (level 9, -7/94 HPs)
             Began as a Palentonga Hedge Wizard on Nov 27, 2022.
             Was a Priest of Hepliaklqana.
             Mangled by a seven-headed hydra (11 damage)
             ... on level 7 of the Dungeon.
             The game lasted 01:04:21 (8365 turns).

tkbsonic5 the Magician (Palentonga Hedge Wizard)    Turns: 8365, Time: 01:04:22

Health: -7/94      AC: 18    Str: 16    XL:     9   Next: 34%
Magic:  12/16      EV:  9    Int: 22    God:    Hepliaklqana [***...]
Gold:   386        SH:  0    Dex: 10    Spells: 3/17 levels left

rFire   . . .      SeeInvis +   w - +2 falchion (vamp)
rCold   . . .      Faith    .   (no shield)
rNeg    . . .      Spirit   .   A - +4 ring mail of Jior Vang {Fly rPois Str+2}
rPois   +          Reflect  .   q - +0 helmet
rElec   .          Harm     .   k - +0 cloak
rCorr   .          Rampage  .   (no gloves)
Will    +....                   (no barding)
Stlth   ..........              (no amulet)
HPRegen 0.25/turn               D - ring of wizardry
MPRegen 0.15/turn               y - ring of willpower

@: berserking, attractive, flying, studying Polearms, curled up, very quick
A: reduced essence, large, rugged brown scales 3, see invisible, deformed body,
roll 1, armoured tail, reflexive curl, talons 1, clever 1
a: Rolling Charge, Renounce Religion, Recall Ancestor, Ancestor Identity,
Transference


You were on level 7 of the Dungeon.
You worshipped Hepliaklqana.
Hepliaklqana was most pleased with you.
You visited 1 branch of the dungeon, and saw 7 of its levels.

You collected 386 gold pieces.

Inventory:

Hand Weapons
 w - a +2 vampiric falchion (weapon)
 E - a +2 flail of holy wrath
Missiles
 x - 11 poisoned darts (quivered)
Armour
 k - a +0 cloak (worn)
 q - a +0 helmet (worn)
 u - a +2 leather armour of fire resistance
 A - the +4 ring mail of Jior Vang (worn) {Fly rPois Str+2}
   (You found it on level 4 of the Dungeon)

   Str:       It affects your strength (+2).
   rPois:     It protects you from poison.
   Fly:       It grants you flight.
Magical Staves
 t - a staff of cold
Jewellery
 f - the ring "Jyiskupp" {Ice SInv}
   (You found it on level 3 of the Dungeon)

   [ring of ice]

   It enhances your ice magic.
   rF:        It makes you vulnerable to fire.
   rC:        It protects you from cold.
   SInv:      It lets you see invisible.
 y - a ring of willpower (right hand)
 D - a ring of wizardry (left hand)
Wands
 l - a wand of acid (1)
Scrolls
 a - 5 scrolls of teleportation
Potions
 i - a potion of lignification
 m - 2 potions of mutation
 o - a potion of ambrosia {unknown}
 p - 2 potions of flight
 s - a potion of cancellation {unknown}
 z - 2 potions of might
 C - 2 potions of curing {unknown}


   Skills:
 * Level 4.1 Fighting
 * Level 3.1 Long Blades
 - Level 0.8(1.0) Axes
 - Level 0.7(0.9) Polearms
 - Level 0.8 Ranged Weapons
 + Level 2.5 Dodging
 - Level 1.2 Stealth
 * Level 4.8 Spellcasting
 * Level 4.0 Conjurations
 * Level 3.4 Hexes
 * Level 3.2 Summonings
 + Level 3.0 Translocations
 + Level 1.1 Fire Magic
 * Level 3.0 Air Magic
 * Level 3.2 Poison Magic
 + Level 2.5 Invocations


You had 3 spell levels left.
You knew the following spells:

 Your Spells              Type           Power      Damage    Failure   Level
a - Conjure Flame         Conj/Fire      16%        6-21      9%          3
b - Slow                  Hex            80%        N/A       1%          1
c - Call Imp              Summ           19%        N/A       3%          2
d - Mephitic Cloud        Conj/Pois/Air  20%        N/A       6%          3
e - Blink                 Tloc           36%        N/A       3%          2
f - Call Canine Familiar  Summ           19%        N/A       6%          3

Your spell library contained the following spells:

 Spells                   Type           Power      Damage    Failure   Level
 Magic Dart               Conj           92%        1d7       1%          1
 Portal Projectile        Hex/Tloc       38%        N/A       6%          3
 Inner Flame              Hex/Fire       15%        N/A       10%         3
 Cause Fear               Hex            10%        N/A       19%         4
 Leda's Liquefaction      Hex/Erth       6%         N/A       34%         4
 Discord                  Hex            10%        N/A       100%        8


Dungeon Overview and Level Annotations

Branches:
Dungeon (7/15)             Temple (0/1) D:7

Altars:
Hepliaklqana
Trog
Uskayaw
Zin

Annotations:
D:4 3 runed translucent doors, MrSixtyFour's ghost, amateur DrTm


Innate Abilities, Weirdness & Mutations

Your life essence is reduced to manifest your ancestor. (-10% HP)
You are completely covered in rugged brown scales. (AC +3, +7% HP)
You have supernaturally acute eyesight. (SInv)
Armour fits poorly on your strangely shaped body.
You can roll at nearby foes to attack.
You have a long armoured tail.
You curl defensively after being hit. (AC +7*)
You have sharp toenails.
Your mind is acute. (Int +4, Str/Dex -1)


Message History

The puff of frost hits the scorpion.
The scorpion closely misses Pelios.
You swap places.
A wraith comes into view.
A seven-headed hydra comes into view.
The skeletal warrior hits you from afar with a +0 glaive!
* * * LOW HITPOINT WARNING * * *
The scorpion stings you but does no damage.
There is an open door, spattered with blood here.
You swap places.
The scorpion stings your hound.
Your hound bites the scorpion but does no damage.
It was a potion of attraction.
You feel attractive to monsters.
Your hound bites the scorpion but does no damage.
The scorpion stings your hound.
The skeletal warrior hits you but does no damage.
Your hound closely misses the skeletal warrior.
The seven-headed hydra is attracted toward you.
The scorpion barely misses your hound.
The skeletal warrior hits your hound with a +0 glaive!!
Your hound dies!
Your hound's corpse disappears in a puff of smoke!
The seven-headed hydra is attracted toward you.
The skeletal warrior is attracted toward you.
The scorpion is attracted toward you.
A red film seems to cover your vision as you go berserk!
You feel yourself moving faster!
You feel mighty!
The skeletal warrior hits you with a +0 glaive!!
* * * LOW HITPOINT WARNING * * *
Pelios gestures at the scorpion while chanting.
The stone arrow hits the scorpion!
The scorpion dies!
The seven-headed hydra bites you but does no damage. x2
The seven-headed hydra bites you.
* * * LOW HITPOINT WARNING * * *
The seven-headed hydra barely misses you.
The seven-headed hydra bites you.
* * * LOW HITPOINT WARNING * * *
The seven-headed hydra bites you.
* * * LOW HITPOINT WARNING * * *
The seven-headed hydra bites you!
You die...

###...#...##...#'#.#..#.<#####
......##...#.###†..##.#..#
.......'.#####......#.#...#
.......### #.....#..##.......
.....###. ##..###...#...##....
#..### .W #...###..##..# #...
#### #. ##..#.....#..# #.. #..
#......###..# #. #..##D@.###
#..# #..§Rz### ##s§### #....
#.§...# ....## ..## #


You could see the friendly Pelios the battlemage, a seven-headed hydra and a
skeletal warrior.

Vanquished Creatures
  Eustachio (D:4)
  Duvessa (D:5)
  A water moccasin (D:7)
  An orc warrior (D:7)
  2 ice beasts
  A phantom (D:4)
  A scorpion (D:5)
  A bullfrog (D:6)
  3 howler monkeys (D:7)
  A hound (D:3)
  3 iguanas
  Robin (D:2)
  9 adders
  A gnoll (D:6)
  An ufetubus (D:6)
  7 dart slugs
  4 orcs
  9 ball pythons
  3 endoplasms
  10 goblins
  11 hobgoblins
  2 jackals (D:1)
  4 quokkas
  A bat (D:1)
  6 frilled lizards
  5 kobolds
  10 rats
100 creatures vanquished.

Vanquished Creatures (collateral kills)
  A vampire mosquito (D:7)
  A water moccasin (D:7)
  A sky beast (D:7)
  3 ice beasts
  A black bear (D:5)
  A phantom (D:4)
  A bullfrog (D:7)
  4 scorpions
  Dowan (D:5)
  A killer bee (D:7)
  A jelly (D:2)
  Terence (D:3)
  An orc wizard (D:7)
  4 iguanas
  2 adders
  3 gnolls
  2 shadow imps
  2 ufetubi (D:6)
  A worm (D:2)
  5 orcs
  An endoplasm (D:2)
  6 goblins
  3 hobgoblins
  2 jackals (D:1)
  2 quokkas
  A ball python (D:2)
  A frilled lizard (D:3)
  A kobold (D:1)
54 creatures vanquished.

Vanquished Creatures (others)
  A battlemage (D:7)
1 creature vanquished.

Grand Total: 155 creatures vanquished

Notes
Turn   | Place    | Note
-------+----------+-------------------------------------------
     0 | D:1      | tkbsonic5 the Palentonga Hedge Wizard began the quest for
                  | the Orb.
     0 | D:1      | Reached XP level 1. HP: 13/13 MP: 4/4
    40 | D:1      | Reached skill level 1 in Conjurations
    65 | D:1      | Learned a level 1 spell: Slow
   559 | D:1      | Reached XP level 2. HP: 20/20 MP: 6/6
   752 | D:1      | Learned a level 2 spell: Call Imp
   980 | D:1      | Reached skill level 1 in Summonings
   980 | D:1      | Reached XP level 3. HP: 17/26 MP: 0/7
  1047 | D:1      | Learned a level 3 spell: Mephitic Cloud
  2714 | D:3      | Reached XP level 4. HP: 33/33 MP: 6/9
  2717 | D:3      | Learned a level 2 spell: Blink
  2721 | D:3      | Identified the ring "Jyiskupp" {Ice SInv}
  2747 | D:3      | Noticed Robin
  3359 | D:2      | Killed Robin
  3458 | D:3      | Reached skill level 1 in Fighting
  3475 | D:3      | Reached skill level 1 in Hexes
  3578 | D:3      | Found a hazy altar of Hepliaklqana.
  3629 | D:3      | Became a worshipper of Hepliaklqana the Forgotten
  3791 | D:2      | Reached skill level 1 in Air Magic
  3791 | D:2      | Reached XP level 5. HP: 17/39 MP: 5/10
  4378 | D:3      | Noticed Terence
  4392 | D:3      | Killed Terence
  4393 | D:3      | Reached skill level 1 in Poison Magic
  4456 | D:3      | Found a bloodstained altar of Trog.
  4456 | D:3      | Found a hide-covered altar of Uskayaw.
  4559 | D:3      | Found a faded altar of an unknown god.
  4700 | D:4      | Noticed a phantom
  4954 | D:4      | Reached XP level 6. HP: 46/47 MP: 5/11
  4960 | D:4      | Learned a level 3 spell: Call Canine Familiar
  5022 | D:4      | Identified the +4 ring mail of Jior Vang {Fly rPois Str+2}
  5081 | D:4      | Reached * piety under Hepliaklqana
  5085 | D:4      | Noticed Eustachio
  5106 | D:4      | Killed Eustachio
  5110 | D:4      | Found a runed translucent gate.
  5110 | D:4      | Noticed MrSixtyFour's ghost (amateur DrTm)
  5193 | D:4      | Reached skill level 1 in Long Blades
  5195 | D:4      | Reached skill level 1 in Invocations
  5195 | D:4      | Gained mutation: You curl defensively after being hit. (AC
                  | +7*) [Palentonga growth]
  5195 | D:4      | Reached XP level 7. HP: 35/49 MP: 5/12
  5299 | D:4      | Gained mutation: You have sharp toenails. [potion of
                  | mutation]
  5299 | D:4      | Gained mutation: Your mind is acute. (Int +4, Str/Dex -1)
                  | [potion of mutation]
  5601 | D:4      | Found a runed translucent gate.
  5602 | D:4      | Found a runed translucent gate.
  5603 | D:4      | Identified the +1 plate armour "Meij Wozaf" {Str+2}
  5604 | D:4      | Identified the +10 whip "Huodeyx" {flame, rF+ rCorr SInv
                  | Stlth-}
  5678 | D:5      | Entered Level 5 of the Dungeon
  5678 | D:5      | Noticed Duvessa
  5678 | D:5      | Noticed Dowan
  5733 | D:5      | Found a glowing silver altar of Zin.
  5733 | D:5      | Noticed an angel
  5946 | D:5      | Killed Dowan
  5961 | D:5      | Killed Duvessa
  6254 | D:5      | Reached XP level 8. HP: 42/56 MP: 9/14
  6262 | D:5      | Learned a level 3 spell: Conjure Flame
  6746 | D:6      | Reached ** piety under Hepliaklqana
  6747 | D:6      | Remembered your ancestor Pelios as a battlemage
  7942 | D:7      | Found a staircase to the Ecumenical Temple.
  7973 | D:7      | Reached XP level 9. HP: 63/63 MP: 15/15
  8030 | D:7      | Reached *** piety under Hepliaklqana
  8218 | D:7      | Reached skill level 1 in Fire Magic
  8356 | D:7      | Noticed a skeletal warrior
  8361 | D:7      | Noticed a seven-headed hydra
  8365 | D:7      | HP: 4/94 [seven-headed hydra (1)]
  8365 | D:7      | Mangled by a seven-headed hydra

Illustrated notes

Levels and vault maps discovered:
D:1:      dpeg_arrival_simpleton_a, layout_basic, chequers_garden,
          minmay_pentomino_t4
D:2:      layout_loops_corners, minmay_quadrilaterals
D:3:      minmay_evil_eye, layout_rooms, mainiacjoe_overflow_catwalk,
          chequers_temple_overflow_statue_of_worship,
          ebering_ecumenical_altar_hall, uniq_robin, uniq_terence
D:4:      wad_river_or_something, layout_loops_ring, biasface_ghost_orc_armoury,
          uniq_eustachio
D:5:      layout_gridville, zin_angel, uniq_duvessa
D:6:      layout_loops_cross
D:7:      minmay_slanted_spiral_squares, layout_layer_cave,
          minmay_temple_entry_waves, eino_tiny_chamber

Skill      XL: |  1  2  3  4  5  6  7  8  9 |
---------------+----------------------------+-----
Conjurations   | 1 2 3 4 |  4.0
Summonings     | 1 2 3 |  3.2
Fighting       | 1 2 3 4 |  4.1
Hexes          | 1 2 3 |  3.4
Air Magic      | 1 2 3 |  3.0
Poison Magic   | 1 2 3 |  3.2
Long Blades    | 1 2 3 |  3.1
Translocations | 2 3 |  3.0
Invocations    | 1 2 |  2.5
Spellcasting   | 4 |  4.8
Dodging        | 2 |  2.5
Fire Magic     | 1 |  1.1
Axes           | |  0.8
Polearms       | |  0.7
Ranged Weapons | |  0.8
Stealth        | |  1.2

Action                   |  1- 3 |  4- 6 |  7- 9 || total
-------------------------+-------+-------+-------++-------
Melee: Dagger            |    87 |       |       ||    87
       Tailslap          |     6 |    12 |    19 ||    37
       Punch             |     1 |       |     2 ||     3
       Hand axe          |    22 |    37 |       ||    59
       Flail             |       |    38 |       ||    38
       Long sword        |       |    21 |    26 ||    47
       Falchion          |       |       |   129 ||   129
       Kick              |       |       |    44 ||    44
 Fire: Sling             |    27 |     7 |       ||    34
Throw: Dart              |       |       |     8 ||     8
 Cast: Magic Dart        |    17 |    59 |     8 ||    84
       Slow              |     5 |       |       ||     5
       Call Imp          |    16 |    16 |     2 ||    34
       Blink             |       |     4 |       ||     4
       Mephitic Cloud    |       |     4 |     2 ||     6
       Call Canine Famil |       |     1 |     3 ||     4
Invok: Ancestor Identity |       |     1 |       ||     1
       Ancestor Life: Ba |       |       |     1 ||     1
 Abil: Rolling Charge    |     1 |     2 |     2 ||     5
  Use: Scroll            |     8 |     5 |     8 ||    21
       Potion            |       |     4 |     4 ||     8
 Stab: Sleeping          |     1 |       |       ||     1
       Distracted        |       |     1 |     1 ||     2
       Confused          |       |     1 |     1 ||     2
Armor: Robe              |    48 |    36 |       ||    84
       Leather armour    |     1 |    25 |       ||    26
       Ring mail         |       |     9 |   105 ||   114
Dodge: Dodged            |    58 |    66 |    81 ||   205
